 Dungeon Crawl Stone Soup version 0.30-a0-279-g4b46babb21 (webtiles) character file.

Game seed: 2833781939051914817

134 Lanoc the Sneak (level 4, -1/27 HPs)
             Began as a Vampire Brigand on Oct 17, 2022.
             Was an Initiate of Gozag.
             Slain by a gnoll
             ... wielding a +0 whip
              (10 damage)
             ... on level 2 of the Dungeon.
             The game lasted 00:03:30 (1556 turns).

Lanoc the Sneak (Vampire Brigand)                   Turns: 1556, Time: 00:03:31

Health: -1/27      AC:  3    Str: 10    XL:     4   Next: 95%
Magic:  4/4        EV: 12    Int: 13    God:    Gozag
Gold:   138        SH:  0    Dex: 17    Spells: 3/3 levels left

rFire   . . .      SeeInvis +    h - +2 short sword (venom)
rCold   + + .      Faith    .    (no shield)
rNeg    + + +      Spirit   .    b - +0 robe
rPois   ∞          Reflect  .    (no helmet)
rElec   .          Harm     .    c - +0 cloak
rCorr   .          Rampage  .    (no gloves)
Will    .....                    (no boots)
Stlth   ++++++....               (no amulet)
HPRegen 0.00/turn                (no ring)
MPRegen 0.09/turn                (no ring)

@: bloodless, inhibited regen
A: bloodless, fangs 3, see invisible, vampiric 2
a: Bat Form, Revivify, Renounce Religion, Potion Petition, Call Merchant, Bribe
Branch


You were on level 2 of the Dungeon.
You worshipped Gozag.
Gozag was aware of your devotion.
You visited 1 branch of the dungeon, and saw 3 of its levels.

You collected 138 gold pieces.

Inventory:

Hand Weapons
 a - a +2 dagger
 h - a +2 short sword of venom (weapon)
Missiles
 d - 15 poisoned darts (quivered)
 e - 3 curare-tipped darts
Armour
 b - a +0 robe (worn)
 c - a +0 cloak (worn)
Scrolls
 g - 2 scrolls of identify {unknown}
 k - a scroll of summoning {unknown}
 l - a scroll of immolation {unknown}
 m - 2 scrolls of fog {unknown}
 n - a scroll of blinking {unknown}
 p - a scroll of acquirement {unknown}
 q - a scroll of magic mapping {unknown}
Potions
 f - a potion of magic {unknown}
 i - a potion of flight {unknown}
 j - a potion of might {unknown}
 o - a potion of curing {unknown}


   Skills:
 + Level 2.6 Fighting
 + Level 3.1 Short Blades
 - Level 1.5 Throwing
 + Level 2.3 Dodging
 * Level 7.6 Stealth


You had 3 spell levels left.
You didn't know any spells.
Your spell library was empty.

Dungeon Overview and Level Annotations

Branches:
Dungeon (3/15)

Altars:
Gozag


Innate Abilities, Weirdness & Mutations

You do not regenerate when monsters are visible.
You are frail without blood (-20% HP).
You can heal yourself when you bite living creatures.
You are immune to poison.
You have razor-sharp teeth.
You have supernaturally acute eyesight. (SInv)
You are afflicted with vampirism and can become a bat while bloodless.


Message History

A gnoll comes into view. It is wielding a +0 spear.
A gnoll comes into view. It is wielding a +0 flail.
The gnoll shouts! x2
A gnoll comes into view. It is wielding a +0 spear.
The hobgoblin hits you.
The gnoll shouts!
You hit the hobgoblin.
The hobgoblin is poisoned.
The hobgoblin is moderately wounded.
The hobgoblin misses you.
You hit the hobgoblin.
You kill the hobgoblin!
You see here 7 gold pieces.
You hit the gnoll.
The gnoll is poisoned.
The gnoll is lightly wounded.
The gnoll hits you with a +0 flail.
You hit the gnoll.
The gnoll looks as sick as possible!
The gnoll is moderately wounded.
The gnoll barely misses you.
The gnoll hits you from afar with a +0 spear.
The gnoll is distracted by your dazzling golden aura.
You kill the gnoll!
Found a scroll labelled JEENYL BUONGESH.
There is a stone staircase leading up here.
You climb upwards.
There is a stone staircase leading down here.
You start resting.
HP restored.
You climb downwards.
The gnoll barely misses you.
There is a stone staircase leading up here.
The gnoll hits you with a +0 spear.
There is a stone staircase leading up here.
The gnoll hits you with a +0 whip! The gnoll hits you but does no damage.
You climb upwards.
There is a stone staircase leading down here.
You closely miss the gnoll. The gnoll hits you with a +0 whip.
The gnoll closely misses you. The gnoll misses you.
The gnoll hits you with a +0 spear. The gnoll attacks as you move away!
The gnoll hits you with a +0 whip!
You die...
Your body crumbles into a pile of gold.

......#####.# #.# ####.######...#
###########.###.# #...........#..
####.........##.# #..............
..##.........##.# #..........####
..##.........##.# #..........# ##
..##########.##.###.....)....###.
..# #....##...########.... ..#
####>g..#### #..#. ..# #g@.....#
##.... ..##### #...^...# #<....
......# #.......# ##.... ......#
#.......# #...# ......# #.......#
#...# ......# #.......# #...#
......# #.......# ###.# ......#
#.......# #.. ......# #.......#
###


You could see 2 gnolls.

Vanquished Creatures
  A scorpion (D:3)
  A gnoll (D:3)
  3 adders
  A worm (D:2)
  3 endoplasms (D:1)
  A goblin (D:1)
  6 hobgoblins
  2 quokkas (D:1)
  7 ball pythons
  3 bats (D:1)
  2 frilled lizards
  3 kobolds
  7 rats
40 creatures vanquished.

Vanquished Creatures (others)
  10 fungi (D:2)
  2 plants (D:2)
12 creatures vanquished.

Grand Total: 52 creatures vanquished

Notes
Turn   | Place    | Note
-------+----------+-------------------------------------------
     0 | D:1      | Lanoc the Vampire Brigand began the quest for the Orb.
     0 | D:1      | Reached XP level 1. HP: 16/16 MP: 1/1
   179 | D:1      | Reached skill level 6 in Stealth
   248 | D:1      | Reached XP level 2. HP: 17/17 MP: 2/2
   724 | D:2      | Gained mutation: You are afflicted with vampirism and can
                  | become a bat while bloodless. [Vampire growth]
   724 | D:2      | Reached XP level 3. HP: 11/21 MP: 3/3
  1256 | D:2      | Found a faded altar of an unknown god.
  1264 | D:2      | Prayed at the altar of an unknown god.
  1264 | D:2      | Became a worshipper of Gozag Ym Sagoz the Greedy
  1360 | D:3      | Noticed a scorpion
  1367 | D:3      | Killed a scorpion
  1368 | D:3      | Reached skill level 7 in Stealth
  1368 | D:3      | Reached XP level 4. HP: 27/27 MP: 4/4
  1556 | D:2      | Slain by a gnoll

Illustrated notes

Levels and vault maps discovered:
D:1:      dpeg_arrival_radiant, layout_basic, minmay_crystal_water
D:2:      layout_basic, shapermc_ecumenical_altar_hornbeckon
D:3:      layout_basic, uniq_ijyb

Skill      XL: |  1  2  3 |
---------------+----------+-----
Stealth        | 6 7 |  7.6
Fighting       | 2 |  2.6
Short Blades   | 3 |  3.1
Dodging        | 2 |  2.3
Throwing       | |  1.5

Action                   |  1- 3 |  4- 6 || total
-------------------------+-------+-------++-------
Melee: Dagger            |    31 |       ||    31
       Bite              |     5 |       ||     5
       Short sword       |    30 |     6 ||    36
 Abil: Exsanguinate      |     1 |       ||     1
 Stab: Sleeping          |    17 |     1 ||    18
Armor: Robe              |     9 |     1 ||    10
Dodge: Dodged            |    22 |     5 ||    27

Table legend: (Time is in decaauts)
 A = Elapsed time spent in this place.
 B = Non-inter-level travel time spent in this place.
 C = Inter-level travel time spent in this place.
 D = Time resting spent in this place.
 E = Time spent auto-exploring this place.
 F = Levels seen in this place.
 G = Mean time per level.
                   A        B        C        D        E       F      G
               +--------+--------+--------+--------+--------+-----+--------+
         Total |   1555 |   1476 |     79 |     35 |   1115 |   3 |  518.3 |
       Dungeon |   1555 |   1476 |     79 |     35 |   1115 |   3 |  518.3 |
               +--------+--------+--------+--------+--------+-----+--------+

Top non-repeatable levels by time:
     D:1: 707 daAuts
     D:2: 644 daAuts
     D:3: 203 daAuts
